 Dungeon Crawl Stone Soup version 0.29-a0-9-g022ca4c890 (webtiles) character file.

Game seed: 7060873627633335586

6624 Grim the Basher (level 11, -11/86 HPs)
             Began as a Formicid Fighter on Jan 28, 2022.
             Was an Elder of Cheibriados.
             Mangled by a two-headed ogre (15 damage)
             ... on level 10 of the Dungeon.
             The game lasted 00:12:55 (11814 turns).

Grim the Basher (Formicid Fighter)                 Turns: 11814, Time: 00:12:56

Health: -11/86     AC: 13    Str: 36    XL:     11   Next: 22%
Magic:  15/19      EV:  7    Int: 21    God:    Cheibriados [****..]
Gold:   465        SH:  5    Dex: 19    Spells: 10/10 levels left

rFire   . . .      SeeInvis +   F - +3 whip
rCold   . . .      Faith    +   c - +0 buckler
rNeg    + . .      Spirit   .   G - +0 plate armour
rPois   .          Reflect  .   (helmet unavailable)
rElec   .          Harm     .   (no cloak)
rCorr   .          Rampage  .   H - +0 pair of gloves
Will    +....                   n - +0 pair of boots
Stlth   ..........              z - amulet of faith
HPRegen 0.24/turn               f - +6 ring of strength
MPRegen 0.16/turn               v - ring of positive energy

@: very slow
A: permanent stasis, dig shafts and tunnels, antennae 3, four strong arms
a: Dig, Shaft Self, Renounce Religion, Bend Time, Temporal Distortion, Slouch


You were on level 10 of the Dungeon.
You worshipped Cheibriados.
Cheibriados was greatly pleased with you.
You visited 1 branch of the dungeon, and saw 10 of its levels.

You collected 465 gold pieces.

Inventory:

Hand Weapons
 F - a +3 whip (weapon)
Missiles
 k - 39 poisoned darts (quivered)
 l - 375 stones
 s - 6 boomerangs
 E - a throwing net
Armour
 c - a +0 buckler (worn)
 n - a +0 pair of boots (worn)
 G - a +0 plate armour (worn)
 H - a +0 pair of gloves (worn)
Jewellery
 f - a +6 ring of strength (left hand)
 v - a ring of positive energy (right hand)
 z - an amulet of faith (around neck)
 K - a ring of fire
Wands
 a - a wand of polymorph (5)
 w - a wand of charming (8)
 y - a wand of paralysis (10)
 J - a wand of acid (4)
Scrolls
 b - a scroll of fog {unknown}
 e - 2 scrolls of teleportation {unknown}
 h - 6 scrolls of identify {unknown}
 i - 2 scrolls of summoning {unknown}
 p - 2 scrolls of blinking {unknown}
 r - 2 scrolls of amnesia {unknown}
 t - a scroll of enchant armour {unknown}
 x - a scroll of immolation {unknown}
 A - 4 scrolls of enchant weapon {unknown}
 D - a scroll of acquirement {unknown}
 I - a scroll of torment {unknown}
 M - a scroll of vulnerability {unknown}
 O - 2 scrolls of noise {unknown}
Potions
 d - a potion of might
 g - 3 potions of lignification {unknown}
 j - 4 potions of curing
 o - 3 potions of haste {unknown}
 q - 5 potions of brilliance {unknown}
 u - a potion of heal wounds
 B - a potion of resistance {unknown}
 C - 2 potions of degeneration {unknown}
 L - 3 potions of flight {unknown}
 N - a potion of magic {unknown}


   Skills:
 * Level 7.9 Fighting
 - Level 12.0 Maces & Flails
 - Level 3.2 Armour
 - Level 3.6 Shields
 + Level 11.1 Invocations


You had 10 spell levels left.
You didn't know any spells.
Your spell library contained the following spells:

 Spells                   Type           Power      Damage    Failure   Level
 Beastly Appendage        Tmut           0%         N/A       85%         1
 Ensorcelled Hibernation  Hex/Ice        0%         N/A       94%         2
 Wereblood                Tmut           0%         N/A       94%         2
 Call Canine Familiar     Summ           0%         N/A       99%         3
 Portal Projectile        Hex/Tloc       0%         N/A       99%         3
 Spider Form              Tmut/Pois      0%         N/A       99%         3
 Summon Guardian Golem    Hex/Summ       0%         N/A       99%         3
 Anguish                  Hex/Necr       0%         N/A       100%        4
 Leda's Liquefaction      Hex/Erth       0%         N/A       100%        4
 Orb of Destruction       Conj           0%         9d5       100%        7
 Spellforged Servitor     Conj/Summ      0%         N/A       100%        7


Dungeon Overview and Level Annotations

Branches:
Dungeon (10/15)            Temple (0/1) D:7
   Lair: D:8-11         Orc: D:9-12

Altars:
Cheibriados
Wu Jian

Shops:
D:4 (   D:6 !


Innate Abilities, Weirdness & Mutations

You cannot be hasted, slowed, berserked, paralysed or teleported.
You can dig through walls and to a lower floor.
You have a pair of large antennae on your head. (SInv)
Your four strong arms can wield two-handed weapons with a shield.


Message History

You can feel time thicken for a moment.
Cheibriados lowers the support of your attributes as your movement quickens.
The two-headed ogre completely misses you.
The two-headed ogre closely misses you.
You hit the two-headed ogre.
The two-headed ogre is heavily wounded.
The two-headed ogre hits you with a +0 giant club! x2
You hit the two-headed ogre.
The two-headed ogre is heavily wounded.
You hit the two-headed ogre.
The two-headed ogre is heavily wounded.
You barely miss the two-headed ogre.
The two-headed ogre is heavily wounded.
The two-headed ogre hits you but does no damage.
The two-headed ogre hits you with a +0 giant club.
You barely miss the two-headed ogre.
The two-headed ogre is heavily wounded.
You hit the two-headed ogre.
The two-headed ogre is heavily wounded.
The two-headed ogre closely misses you.
The two-headed ogre hits you with a +0 giant club.
* * * LOW HITPOINT WARNING * * *
You whack the two-headed ogre!
The two-headed ogre is severely wounded.
You whack the two-headed ogre!
The two-headed ogre is severely wounded.
You completely miss the two-headed ogre.
The two-headed ogre is severely wounded.
The two-headed ogre hits you with a +0 giant club!
* * * LOW HITPOINT WARNING * * *
The two-headed ogre hits you with a +0 giant club!!
* * * LOW HITPOINT WARNING * * *
You hit the two-headed ogre.
The two-headed ogre is almost dead.
You hit the two-headed ogre but do no damage.
The two-headed ogre is almost dead.
The two-headed ogre hits you with a +0 giant club!
* * * LOW HITPOINT WARNING * * *
The two-headed ogre hits you with a +0 giant club!
You die...

. ....... .. ......
... ....###### ....
#(#.......
.....##.#....#
..<..^...># ....##.###
# #O# #... #@# ... #.#
#..##.# ##...#.# {
#########....#.# {
.........#....#.# {
..........#......###
{{{ {{{
..........#........###


{{{{{ ..........#.....##...# {{{ You could see a two-headed ogre.

Vanquished Creatures
  A two-headed ogre (D:9)
  A manticore (D:9)
  A hornet (D:8)
  12 yaks (D:9)
  A steam dragon (D:8)
  2 water moccasins
  4 orc warriors
  2 sky beasts (D:6)
  An ice beast (D:6)
  A black bear (D:7)
  A hornet zombie (D:8)
  2 centaurs
  A phantom (D:3)
  2 kobold brigands
  Blork the orc (D:6)
  4 bullfrogs
  A wyvern zombie (D:7)
  5 scorpions
  6 killer bees (D:9)
  A howler monkey (D:8)
  A bullfrog zombie (D:3)
  3 centaur zombies
  2 hounds
  2 orc priests (D:9)
  4 bullfrog skeletons
  3 centaur skeletons
  A gnoll shaman (D:5)
  A scorpion zombie (D:5)
  Jessica (D:2)
  An iguana (D:5)
  Natasha (twice) (D:2)
  An orc wizard (D:9)
  2 killer bee zombies
  3 howler monkey zombies
  8 gnolls
  9 adders
  A shadow imp (D:6)
  A white imp (D:6)
  An adder skeleton (D:4)
  2 worms
  2 dart slugs
  19 orcs
  6 endoplasms
  3 giant cockroaches
  9 goblins
  6 hobgoblins
  3 jackals
  17 kobolds
  3 quokkas
  6 ball pythons
  5 bats
  3 frilled lizards
  4 rats
  A butterfly (D:7)
186 creatures vanquished.

Notes
Turn   | Place    | Note
-------+----------+-------------------------------------------
     0 | D:1      | Grim the Formicid Fighter began the quest for the Orb.
     0 | D:1      | Reached XP level 1. HP: 18/18 MP: 1/1
   205 | D:1      | Reached XP level 2. HP: 24/24 MP: 2/2
   225 | D:1      | Found a faded altar of an unknown god.
   260 | D:1      | Prayed at the altar of an unknown god.
   260 | D:1      | Became a worshipper of Cheibriados the Contemplative
   260 | D:1      | Reached * piety under Cheibriados
   526 | D:1      | Reached skill level 3 in Maces & Flails
   947 | D:1      | Reached XP level 3. HP: 27/29 MP: 3/3
  1042 | D:1      | Reached skill level 1 in Invocations
  1351 | D:2      | Reached XP level 4. HP: 34/35 MP: 5/5
  1511 | D:2      | Noticed Jessica
  1518 | D:2      | Killed Jessica
  1519 | D:2      | Reached skill level 4 in Maces & Flails
  1766 | D:2      | Noticed Natasha
  1769 | D:2      | Killed Natasha
  1770 | D:2      | Reached XP level 5. HP: 40/41 MP: 6/6
  1925 | D:2      | Reached ** piety under Cheibriados
  2238 | D:2      | Noticed Natasha
  2251 | D:2      | Killed Natasha
  2510 | D:3      | Noticed a phantom
  2530 | D:3      | Killed a phantom
  2531 | D:3      | Reached skill level 5 in Maces & Flails
  2531 | D:3      | Reached XP level 6. HP: 26/47 MP: 8/8
  3727 | D:4      | Reached *** piety under Cheibriados
  3909 | D:4      | Found Ebluiroo's Antique Weapon Emporium.
  3921 | D:4      | Reached XP level 7. HP: 47/52 MP: 8/10
  4304 | D:4      | Reached skill level 6 in Maces & Flails
  4682 | D:4      | Found an ornate altar of the Wu Jian Council.
  4787 | D:5      | Entered Level 5 of the Dungeon
  5173 | D:5      | Reached skill level 7 in Maces & Flails
  5173 | D:5      | Reached skill level 5 in Invocations
  5312 | D:5      | Reached XP level 8. HP: 58/58 MP: 11/11
  5965 | D:5      | Reached skill level 8 in Maces & Flails
  6115 | D:5      | Reached **** piety under Cheibriados
  6690 | D:6      | Reached XP level 9. HP: 56/64 MP: 12/14
  6795 | D:6      | Reached skill level 9 in Maces & Flails
  7145 | D:6      | Found Bekeinnatt's Distillery.
  7146 | D:6      | Noticed Blork the orc
  7158 | D:6      | Killed Blork the orc
  7164 | D:6      | Reached ***** piety under Cheibriados
  7913 | D:7      | Reached skill level 10 in Maces & Flails
  8190 | D:7      | Found a staircase to the Ecumenical Temple.
  9477 | D:8      | Reached XP level 10. HP: 63/70 MP: 16/16
  9630 | D:8      | Reached skill level 11 in Maces & Flails
 10295 | D:9      | Noticed a two-headed ogre
 10305 | D:9      | HP: 3/70 [two-headed ogre (16)]
 10309 | D:9      | Killed a two-headed ogre
 10310 | D:9      | Reached skill level 12 in Maces & Flails
 10636 | D:9      | Noticed a manticore
 10662 | D:9      | Killed a manticore
 10936 | D:9      | Reached skill level 10 in Invocations
 11159 | D:9      | Reached skill level 5 in Fighting
 11514 | D:9      | Reached XP level 11. HP: 79/83 MP: 18/18
 11690 | D:10     | Entered Level 10 of the Dungeon
 11798 | D:10     | Noticed a two-headed ogre
 11814 | D:10     | HP: 4/86 [two-headed ogre (13)]
 11814 | D:10     | Mangled by a two-headed ogre

Illustrated notes

Levels and vault maps discovered:
D:1:      eino_arrival_tree_alley, layout_basic,
          hellmonk_ecumenical_altar_arch_garden
D:2:      minmay_inner_zag, layout_rooms, due_unseen_surprise, uniq_jessica,
          uniq_natasha
D:3:      layout_basic, grunt_ministairs_14, minmay_starry_boxes
D:4:      layout_basic, kennysheep_mini_moat, serial_shops, shop
D:5:      layout_loops_ring, hangedman_abyss_or_decor_jellyfish_corner,
          serial_bayou_pond_a, grunt_ministairs_11
D:6:      layout_gridville, serial_shops, shop, kennysheep_generic_room_9,
          uniq_blork_the_orc
D:7:      layout_basic, minmay_temple_entry_butterflies
D:8:      layout_basic
D:9:      layout_rooms
D:10:     layout_rooms, hiddenorc1_lemuel, kennysheep_generic_room_8

Skill      XL: |  1  2  3  4  5  6  7  8  9 10 11 |
---------------+----------------------------------+-----
Maces & Flails | 3 4 5 7 8 10 12 | 12.0
Invocations    | 1 2 3 4 5 6 8 10 11 | 11.1
Fighting       | 6 7 |  7.9
Armour         | |  3.2
Shields        | |  3.6

Action                   |  1- 3 |  4- 6 |  7- 9 | 10-12 || total
-------------------------+-------+-------+-------+-------++-------
Melee: Flail             |    70 |   119 |   123 |       ||   312
       Whip              |       |       |   269 |   213 ||   482
Throw: Dart              |       |     4 |       |    13 ||    17
       Throwing net      |       |       |     1 |       ||     1
Invok: Step From Time    |       |       |     1 |       ||     1
       Slouch            |       |       |       |     4 ||     4
Evoke: Wand              |       |       |     2 |     5 ||     7
  Use: Potion            |       |       |     1 |     1 ||     2
 Stab: Held in net/web   |       |       |     1 |       ||     1
Armor: Scale mail        |    38 |    41 |    27 |       ||   106
       Chain mail        |       |       |    65 |       ||    65
       Plate armour      |       |       |    87 |    88 ||   175
       Skin              |       |       |     7 |       ||     7
Dodge: Dodged            |    42 |    65 |   103 |    49 ||   259
Block: Buckler           |    18 |    29 |    99 |    38 ||   184

Table legend: (Time is in decaauts)
 A = Elapsed time spent in this place.
 B = Non-inter-level travel time spent in this place.
 C = Inter-level travel time spent in this place.
 D = Time resting spent in this place.
 E = Time spent auto-exploring this place.
 F = Levels seen in this place.
 G = Mean time per level.
                   A        B        C        D        E       F      G
               +--------+--------+--------+--------+--------+-----+--------+
         Total |  15201 |  14821 |    380 |   3644 |   9420 |  10 | 1520.1 |
       Dungeon |  15201 |  14821 |    380 |   3644 |   9420 |  10 | 1520.1 |
               +--------+--------+--------+--------+--------+-----+--------+

Top non-repeatable levels by time:
     D:6: 2132 daAuts
     D:7: 1830 daAuts
     D:5: 1763 daAuts
     D:9: 1756 daAuts
     D:3: 1706 daAuts
     D:4: 1593 daAuts
     D:1: 1531 daAuts
     D:8: 1478 daAuts
     D:2: 1219 daAuts
    D:10: 187 daAuts
